Avalanche vs Sabres

Created - December 8 2011 at 19:13

Goals
1 2 3 T
Avalanche 0 3 3 6
Sabres 0 2 2 4
Shots
1 2 3 T
Avalanche 3 10 17 30
Sabres 2 9 12 23

Period #1

No Goal

Penalties :
Brad Stuart (BUF) for Hooking (Minor) at 2:58, Steve Downie (BUF) for Hooking (Minor) at 8:12, Steve Downie (BUF) for Hooking (Minor) at 10:27, Brad Stuart (BUF) for High sticking (Minor) at 14:22, Paul Mara (COL) for Hooking (Minor) at 17:17

Period #2

1. Sabres , Jordan Staal 6 (Tuomo Ruutu, Trevor Daley) at 4:36
2. Avalanche , Teemu Selanne 14 (Kevin Klein, T.J. Oshie) at 5:05
3. Avalanche , Vinny Prospal 8 (Paul Mara, Olli Jokinen) at 9:21
4. Sabres , Chris Stewart 14 (Tyler Myers) at 13:27 (PP)
5. Avalanche , Milan Hejduk 12 (T.J. Oshie, Olli Jokinen) at 19:58 (PP)

Penalties :
Steve Downie (BUF) for High sticking (Minor) at 0:44, Karl Alzner (BUF) for Roughing (Minor) at 6:38, Johan Franzen (COL) for Slashing (Minor) at 11:40, T.J. Oshie (COL) for High sticking (Minor) at 13:29, Michael Del Zotto (COL) for Hooking (Minor) at 15:58, Luke Schenn (BUF) for Hooking (Minor) at 19:38

Period #3

6. Sabres , Karl Alzner 2 (Steve Downie, Victor Hedman) at 6:36
7. Avalanche , Paul Mara 4 (Mike Knuble, Daniel Briere) at 7:10
8. Avalanche , Milan Hejduk 13 (T.J. Oshie, Kevin Shattenkirk) at 11:27 (PP)
9. Avalanche , Daniel Briere 14 (Johan Franzen, Teemu Selanne) at 13:29 (PP)
10. Sabres , Henrik Zetterberg 13 (Marian Hossa, Mike Richards) at 16:10

Penalties :
Karl Alzner (BUF) for Interference (Minor) at 8:34, Steve Downie (BUF) for Diving (Minor) at 10:36, Troy Brouwer (BUF) for Tripping (Minor) at 11:33, Johan Franzen (COL) for Tripping (Minor) at 16:50

Goalie Stats

Antti Niemi (COL), 17 saves from 21 shots - (0.810), W, 16-8-2, 56:10 minutes
Jhonas Enroth (COL), 2 saves from 2 shots - (1.000), 3:50 minutes
Martin Biron (BUF), 5 saves from 6 shots - (0.833), 8:33 minutes
Semyon Varlamov (BUF), 19 saves from 24 shots - (0.792), L, 3-7-0, 51:27 minutes

Players Stats

Avalanche
Player Name              G  A  P  +/- PIM S  H  SB FO    MP 
------------------------------------------------------------
Bryan Bickell            0  0  0  -1  0   1  0  0  0/0   8  
Daniel Briere            1  1  2  -1  0   4  1  0  15/37 23 
Jason Demers             0  0  0   2  0   1  0  2  0/0   18 
Johan Franzen            0  1  1  -2  4   1  3  0  2/3   17 
John Carlson             0  0  0  -2  0   0  0  3  0/0   24 
Justin Abdelkader        0  0  0  -1  0   1  3  0  7/15  12 
Kevin Klein              0  1  1   0  0   3  0  2  0/0   22 
Kevin Shattenkirk        0  1  1  -2  0   2  0  1  0/0   21 
Michael Del Zotto        0  0  0   0  2   0  1  2  0/0   19 
Mike Knuble              0  1  1   2  0   1  1  0  1/1   14 
Milan Hejduk             2  0  2  -2  0   3  0  0  0/1   17 
Olli Jokinen             0  2  2   2  0   1  1  0  11/21 21 
Paul Mara                1  1  2   2  2   2  2  0  0/0   14 
Shawn Horcoff            0  0  0   0  0   0  0  0  0/0   1  
T.J. Oshie               0  3  3   1  2   2  5  0  0/1   17 
Teemu Selanne            1  1  2   1  0   6  0  0  2/6   19 
Tomas Kopecky            0  0  0  -1  0   0  0  0  0/1   13 
Vinny Prospal            1  0  1   2  0   2  1  0  0/0   11 
Sabres
Player Name              G  A  P  +/- PIM S  H  SB FO    MP 
------------------------------------------------------------
Brad Stuart              0  0  0  -2  4   0  2  1  0/0   22 
Chris Stewart            1  0  1   1  0   6  0  0  1/2   14 
David Legwand            0  0  0   1  0   0  0  0  9/15  13 
Eric Fehr                0  0  0  -1  0   0  0  0  0/0   6  
Henrik Zetterberg        1  0  1  -2  0   5  0  0  5/11  23 
Jeff Schultz             0  0  0  -1  0   0  0  1  0/0   8  
Jordan Staal             1  0  1   1  0   2  0  0  10/20 22 
Karl Alzner              1  0  1   1  4   2  0  1  0/0   11 
Luke Schenn              0  0  0   1  2   0  0  2  0/0   22 
Marian Hossa             0  1  1  -1  0   1  2  0  0/1   20 
Mike Richards            0  1  1  -1  0   1  1  1  17/30 19 
Ryan Carter              0  0  0  -1  0   0  0  0  5/6   6  
Steve Downie             0  1  1   1  8   3  0  0  0/0   12 
Trevor Daley             0  1  1   1  0   1  0  1  0/0   22 
Troy Brouwer             0  0  0   1  2   1  1  0  0/0   14 
Tuomo Ruutu              0  1  1   1  0   1  5  0  1/1   16 
Tyler Myers              0  1  1  -1  0   0  0  0  0/0   20 
Victor Hedman            0  1  1   1  0   0  0  0  0/0   14 

3 Stars

1 - T.J. Oshie (COL)
2 - Paul Mara (COL)
3 - Teemu Selanne (COL)

Power Play

Avalanche - 3 on 10 Attempt(s) - 30.00%
Sabres - 1 on 5 Attempt(s) - 20.00%

Penalty Kill

Avalanche - 4 on 5 Attempt(s) - 80.00% - Score 0 goal in Penalty Kill
Sabres - 7 on 10 Attempt(s) - 70.00% - Score 0 goal in Penalty Kill

Game Notes

Martin Biron enters game at 11:27 of 3rd period
Jhonas Enroth enters game at 16:10 of 3rd period

Finance

Level 1 -- Attendance: 6285 (96.69%) -- Ticket Income $540,510.00
Level 2 -- Attendance: 5000 (100.00%) -- Ticket Income $250,000.00
Level 3 -- Attendance: 3326 (95.03%) -- Ticket Income $99,780.00
Level 4 -- Attendance: 2663 (99.00%) -- Ticket Income $50,597.00
Luxury Box -- Attendance: 1000 (100.00%) -- Ticket Income $166,000.00
Game was played at the HSBC Arena
Total Attendance: 18274 (97.77%)
Total Ticket Income: $1,185,381.00
Other Income: $215,960.70
Total Income: $1,401,342.00


Play by Play

Period #1

0:01 of 1st period - Mike Richards wins face-off versus Johan Franzen in neutral zone.
0:04 of 1st period - Shot by Mike Richards.
0:04 of 1st period - Shot Blocked by Kevin Shattenkirk.
0:08 of 1st period - Shot by Mike Richards.
0:08 of 1st period - Shot Misses the Net.
0:12 of 1st period - Shot by Marian Hossa.
0:12 of 1st period - Shot Misses the Net.
0:14 of 1st period - Shot by Henrik Zetterberg.
0:14 of 1st period - Stopped by Antti Niemi without a rebound.
0:15 of 1st period - Jordan Staal wins face-off versus Teemu Selanne in Avalanche zone.
0:58 of 1st period - Shot by Teemu Selanne.
0:58 of 1st period - Shot Misses the Net.
2:34 of 1st period - Luke Schenn is hit by Mike Knuble and loses puck.
2:44 of 1st period - Off-side.
2:45 of 1st period - Justin Abdelkader wins face-off versus Mike Richards in neutral zone.
2:58 of 1st period - Minor Penalty to Brad Stuart for Hooking.
2:59 of 1st period - Henrik Zetterberg wins face-off versus Teemu Selanne in Sabres zone.
3:23 of 1st period - Shot by Teemu Selanne.
3:23 of 1st period - Shot Misses the Net.
3:25 of 1st period - Shot by Teemu Selanne.
3:25 of 1st period - Stopped by Semyon Varlamov without a rebound.
3:26 of 1st period - Henrik Zetterberg wins face-off versus Daniel Briere in Sabres zone.
4:07 of 1st period - Jeff Schultz is hit by Johan Franzen and loses puck.
4:28 of 1st period - Mike Richards is hit by T.J. Oshie and loses puck.
6:09 of 1st period - Icing by Brad Stuart.
6:10 of 1st period - Ryan Carter wins face-off versus Olli Jokinen in Sabres zone.
8:12 of 1st period - Minor Penalty to Steve Downie for Hooking.
8:13 of 1st period - Mike Richards wins face-off versus Daniel Briere in Sabres zone.
9:38 of 1st period - Olli Jokinen is hit by Marian Hossa and loses puck.
10:19 of 1st period - Shot by Steve Downie.
10:19 of 1st period - Shot Misses the Net.
10:27 of 1st period - Minor Penalty to Steve Downie for Hooking.
10:28 of 1st period - Daniel Briere wins face-off versus Mike Richards in Sabres zone.
10:45 of 1st period - Shot by Daniel Briere.
10:45 of 1st period - Shot Misses the Net.
10:47 of 1st period - Shot by Kevin Shattenkirk.
10:47 of 1st period - Shot Blocked by Trevor Daley.
10:57 of 1st period - Shot by Daniel Briere.
10:57 of 1st period - Shot Misses the Net.
11:24 of 1st period - Shot by T.J. Oshie.
11:24 of 1st period - Stopped by Semyon Varlamov with a rebound.
12:18 of 1st period - Icing by Daniel Briere.
12:19 of 1st period - Mike Richards wins face-off versus Daniel Briere in Avalanche zone.
12:20 of 1st period - Shot by Trevor Daley.
12:20 of 1st period - Shot Blocked by John Carlson.
13:49 of 1st period - Off-side.
13:50 of 1st period - Henrik Zetterberg wins face-off versus Justin Abdelkader in neutral zone.
14:01 of 1st period - Shot by Ryan Carter.
14:01 of 1st period - Shot Misses the Net.
14:22 of 1st period - Minor Penalty to Brad Stuart for High sticking.
14:23 of 1st period - Daniel Briere wins face-off versus Mike Richards in Sabres zone.
15:02 of 1st period - Shot by T.J. Oshie.
15:02 of 1st period - Stopped by Semyon Varlamov without a rebound.
15:03 of 1st period - Olli Jokinen wins face-off versus Mike Richards in Sabres zone.
16:03 of 1st period - Shot by Daniel Briere.
16:03 of 1st period - Shot Misses the Net.
16:19 of 1st period - Jeff Schultz is hit by T.J. Oshie and loses puck.
16:54 of 1st period - Shot by Henrik Zetterberg.
16:54 of 1st period - Shot Misses the Net.
17:17 of 1st period - Minor Penalty to Paul Mara for Hooking.
17:18 of 1st period - Jordan Staal wins face-off versus Daniel Briere in Avalanche zone.
17:54 of 1st period - Mike Knuble is hit by Tuomo Ruutu and loses puck.
18:05 of 1st period - Mike Richards is hit by Daniel Briere and loses puck.
18:18 of 1st period - Shot by Chris Stewart.
18:18 of 1st period - Stopped by Antti Niemi without a rebound.
18:19 of 1st period - Justin Abdelkader wins face-off versus Chris Stewart in Avalanche zone.

Period #2

0:01 of 2nd period - Daniel Briere wins face-off versus Mike Richards in neutral zone.
0:03 of 2nd period - Off-side.
0:04 of 2nd period - Daniel Briere wins face-off versus Mike Richards in neutral zone.
0:11 of 2nd period - Off-side.
0:12 of 2nd period - Jordan Staal wins face-off versus Teemu Selanne in neutral zone.
0:12 of 2nd period - Chris Stewart is hit by Olli Jokinen and loses puck.
0:23 of 2nd period - Shot by Tuomo Ruutu.
0:23 of 2nd period - Shot Blocked by Michael Del Zotto.
0:25 of 2nd period - Shot by Trevor Daley.
0:25 of 2nd period - Shot Blocked by Kevin Klein.
0:27 of 2nd period - Shot by Tuomo Ruutu.
0:27 of 2nd period - Stopped by Antti Niemi without a rebound.
0:28 of 2nd period - Mike Richards wins face-off versus Daniel Briere in Avalanche zone.
0:31 of 2nd period - Shot by Marian Hossa.
0:31 of 2nd period - Shot Misses the Net.
0:33 of 2nd period - Shot by Marian Hossa.
0:33 of 2nd period - Shot Misses the Net.
0:35 of 2nd period - Shot by Henrik Zetterberg.
0:35 of 2nd period - Stopped by Antti Niemi without a rebound.
0:36 of 2nd period - David Legwand wins face-off versus Olli Jokinen in Avalanche zone.
0:37 of 2nd period - Shot by Steve Downie.
0:37 of 2nd period - Stopped by Antti Niemi with a rebound.
0:44 of 2nd period - Minor Penalty to Steve Downie for High sticking.
0:45 of 2nd period - Daniel Briere wins face-off versus Henrik Zetterberg in Sabres zone.
1:06 of 2nd period - Shot by Daniel Briere.
1:06 of 2nd period - Shot Misses the Net.
1:08 of 2nd period - Shot by John Carlson.
1:08 of 2nd period - Deflect By Teemu Selanne.
1:08 of 2nd period - Shot Misses the Net.
1:10 of 2nd period - Shot by John Carlson.
1:10 of 2nd period - Shot Blocked by Brad Stuart.
1:12 of 2nd period - Shot by Daniel Briere.
1:12 of 2nd period - Shot Misses the Net.
1:16 of 2nd period - Shot by Daniel Briere.
1:16 of 2nd period - Stopped by Semyon Varlamov with a rebound.
1:20 of 2nd period - Shot by Teemu Selanne.
1:20 of 2nd period - Stopped by Semyon Varlamov without a rebound.
1:21 of 2nd period - Mike Richards wins face-off versus Milan Hejduk in Sabres zone.
3:17 of 2nd period - Icing by Karl Alzner.
3:18 of 2nd period - David Legwand wins face-off versus Justin Abdelkader in Sabres zone.
4:13 of 2nd period - Off-side.
4:14 of 2nd period - Jordan Staal wins face-off versus Daniel Briere in neutral zone.
4:26 of 2nd period - Shot by Trevor Daley.
4:26 of 2nd period - Stopped by Antti Niemi with a rebound.
4:30 of 2nd period - Shot by Tuomo Ruutu.
4:30 of 2nd period - Shot Misses the Net.
4:32 of 2nd period - Shot by Jordan Staal.
4:32 of 2nd period - Shot Misses the Net.
4:36 of 2nd period - Shot by Jordan Staal.
4:36 of 2nd period - Goal by Jordan Staal - Avalanche : 0 - Sabres : 1.
4:37 of 2nd period - Olli Jokinen wins face-off versus Mike Richards in neutral zone.
4:45 of 2nd period - Icing by Brad Stuart.
4:46 of 2nd period - Mike Richards wins face-off versus Olli Jokinen in Sabres zone.
4:57 of 2nd period - Shot by T.J. Oshie.
4:57 of 2nd period - Shot Misses the Net.
5:01 of 2nd period - Shot by Teemu Selanne.
5:01 of 2nd period - Shot Misses the Net.
5:05 of 2nd period - Shot by Teemu Selanne.
5:05 of 2nd period - Goal by Teemu Selanne - Avalanche : 1 - Sabres : 1.
5:06 of 2nd period - Daniel Briere wins face-off versus Jordan Staal in neutral zone.
5:14 of 2nd period - Icing by Trevor Daley.
5:15 of 2nd period - Olli Jokinen wins face-off versus Jordan Staal in Sabres zone.
5:31 of 2nd period - Shot by Olli Jokinen.
5:31 of 2nd period - Shot Misses the Net.
5:33 of 2nd period - Shot by Olli Jokinen.
5:33 of 2nd period - Shot Misses the Net.
6:23 of 2nd period - Shot by Johan Franzen.
6:23 of 2nd period - Stopped by Semyon Varlamov without a rebound.
6:24 of 2nd period - Justin Abdelkader wins face-off versus David Legwand in Sabres zone.
6:38 of 2nd period - Minor Penalty to Karl Alzner for Roughing.
6:39 of 2nd period - Teemu Selanne wins face-off versus Henrik Zetterberg in Sabres zone.
6:58 of 2nd period - Shot by Teemu Selanne.
6:58 of 2nd period - Stopped by Semyon Varlamov without a rebound.
6:59 of 2nd period - Henrik Zetterberg wins face-off versus Daniel Briere in Sabres zone.
8:08 of 2nd period - Shot by Kevin Klein.
8:08 of 2nd period - Shot Misses the Net.
8:46 of 2nd period - Shot by Victor Hedman.
8:46 of 2nd period - Shot Misses the Net.
8:48 of 2nd period - Shot by Victor Hedman.
8:48 of 2nd period - Shot Misses the Net.
8:50 of 2nd period - Shot by Troy Brouwer.
8:50 of 2nd period - Shot Blocked by John Carlson.
9:01 of 2nd period - Off-side.
9:02 of 2nd period - Olli Jokinen wins face-off versus Ryan Carter in neutral zone.
9:06 of 2nd period - Vinny Prospal is hit by Brad Stuart and loses puck.
9:15 of 2nd period - Shot by Olli Jokinen.
9:15 of 2nd period - Shot Blocked by Jeff Schultz.
9:17 of 2nd period - Shot by Olli Jokinen.
9:17 of 2nd period - Shot Misses the Net.
9:21 of 2nd period - Shot by Vinny Prospal.
9:21 of 2nd period - Goal by Vinny Prospal - Avalanche : 2 - Sabres : 1.
9:22 of 2nd period - Jordan Staal wins face-off versus Daniel Briere in neutral zone.
9:35 of 2nd period - Shot by Daniel Briere.
9:35 of 2nd period - Shot Blocked by Luke Schenn.
9:39 of 2nd period - Shot by Daniel Briere.
9:39 of 2nd period - Stopped by Semyon Varlamov without a rebound.
9:40 of 2nd period - David Legwand wins face-off versus Justin Abdelkader in Sabres zone.
9:40 of 2nd period - Victor Hedman is hit by Justin Abdelkader and loses puck.
9:49 of 2nd period - Shot by Justin Abdelkader.
9:49 of 2nd period - Stopped by Semyon Varlamov with a rebound.
10:37 of 2nd period - Icing by Brad Stuart.
10:38 of 2nd period - Mike Richards wins face-off versus Olli Jokinen in Sabres zone.
10:38 of 2nd period - Mike Richards is hit by Vinny Prospal.
10:57 of 2nd period - Shot by Mike Richards.
10:57 of 2nd period - Deflect By Henrik Zetterberg.
10:57 of 2nd period - Shot Misses the Net.
10:59 of 2nd period - Shot by Marian Hossa.
10:59 of 2nd period - Shot Blocked by Jason Demers.
11:03 of 2nd period - Shot by Marian Hossa.
11:03 of 2nd period - Shot Misses the Net.
11:07 of 2nd period - Shot by Brad Stuart.
11:07 of 2nd period - Shot Misses the Net.
11:26 of 2nd period - Icing by Tuomo Ruutu.
11:27 of 2nd period - Jordan Staal wins face-off versus Daniel Briere in Sabres zone.
11:27 of 2nd period - Jordan Staal is hit by Johan Franzen.
11:39 of 2nd period - Shot by Daniel Briere.
11:39 of 2nd period - Stopped by Semyon Varlamov without a rebound.
11:40 of 2nd period - David Legwand wins face-off versus Daniel Briere in Sabres zone.
11:40 of 2nd period - Minor Penalty to Johan Franzen for Slashing.
11:41 of 2nd period - Jordan Staal wins face-off versus Daniel Briere in Avalanche zone.
13:19 of 2nd period - Shot by Jordan Staal.
13:19 of 2nd period - Stopped by Antti Niemi without a rebound.
13:20 of 2nd period - Chris Stewart wins face-off versus Daniel Briere in Avalanche zone.
13:23 of 2nd period - Shot by Chris Stewart.
13:23 of 2nd period - Shot Misses the Net.
13:25 of 2nd period - Shot by Tyler Myers.
13:25 of 2nd period - Shot Misses the Net.
13:27 of 2nd period - Shot by Chris Stewart.
13:27 of 2nd period - Goal by Chris Stewart - Avalanche : 2 - Sabres : 2.
13:28 of 2nd period - David Legwand wins face-off versus Olli Jokinen in neutral zone.
13:28 of 2nd period - David Legwand is hit by T.J. Oshie.
13:29 of 2nd period - Minor Penalty to T.J. Oshie for High sticking.
13:30 of 2nd period - Daniel Briere wins face-off versus Mike Richards in Avalanche zone.
15:00 of 2nd period - Icing by Mike Richards.
15:01 of 2nd period - Mike Richards wins face-off versus Daniel Briere in Sabres zone.
15:14 of 2nd period - Victor Hedman is hit by Justin Abdelkader and loses puck.
15:27 of 2nd period - Icing by Tyler Myers.
15:28 of 2nd period - Mike Knuble wins face-off versus Mike Richards in Sabres zone.
15:39 of 2nd period - Shot by Henrik Zetterberg.
15:39 of 2nd period - Shot Misses the Net.
15:47 of 2nd period - Shot by Henrik Zetterberg.
15:47 of 2nd period - Shot Blocked by Kevin Klein.
15:50 of 2nd period - Eric Fehr is hit by Michael Del Zotto and loses puck.
15:58 of 2nd period - Minor Penalty to Michael Del Zotto for Hooking.
15:59 of 2nd period - Daniel Briere wins face-off versus Jordan Staal in Avalanche zone.
16:14 of 2nd period - Daniel Briere is hit by Tuomo Ruutu.
16:25 of 2nd period - Icing by Jordan Staal.
16:26 of 2nd period - Justin Abdelkader wins face-off versus Jordan Staal in Sabres zone.
16:54 of 2nd period - Marian Hossa is hit by Paul Mara and loses puck.
17:10 of 2nd period - Off-side.
17:11 of 2nd period - Mike Richards wins face-off versus Justin Abdelkader in neutral zone.
17:14 of 2nd period - Shot by Henrik Zetterberg.
17:14 of 2nd period - Shot Misses the Net.
18:28 of 2nd period - Shot by Olli Jokinen.
18:28 of 2nd period - Shot Misses the Net.
18:38 of 2nd period - Shot by Steve Downie.
18:38 of 2nd period - Stopped by Antti Niemi with a rebound.
19:01 of 2nd period - Icing by Henrik Zetterberg.
19:02 of 2nd period - Ryan Carter wins face-off versus Daniel Briere in Sabres zone.
19:10 of 2nd period - Icing by John Carlson.
19:11 of 2nd period - Jordan Staal wins face-off versus Daniel Briere in Avalanche zone.
19:12 of 2nd period - Shot by Chris Stewart.
19:12 of 2nd period - Shot Blocked by John Carlson.
19:14 of 2nd period - Shot by Luke Schenn.
19:14 of 2nd period - Shot Misses the Net.
19:18 of 2nd period - Shot by Chris Stewart.
19:18 of 2nd period - Shot Misses the Net.
19:20 of 2nd period - Shot by Chris Stewart.
19:20 of 2nd period - Stopped by Antti Niemi without a rebound.
19:21 of 2nd period - Justin Abdelkader wins face-off versus Jordan Staal in Avalanche zone.
19:21 of 2nd period - Justin Abdelkader is hit by Tuomo Ruutu.
19:24 of 2nd period - Kevin Shattenkirk is hit by Tuomo Ruutu and loses puck.
19:38 of 2nd period - Minor Penalty to Luke Schenn for Hooking.
19:39 of 2nd period - Olli Jokinen wins face-off versus Mike Richards in Sabres zone.
19:58 of 2nd period - Shot by Milan Hejduk.
19:58 of 2nd period - Goal by Milan Hejduk - Avalanche : 3 - Sabres : 2.
19:59 of 2nd period - David Legwand wins face-off versus Olli Jokinen in neutral zone.

Period #3

0:01 of 3rd period - Henrik Zetterberg wins face-off versus Daniel Briere in neutral zone.
1:13 of 3rd period - Shot by Chris Stewart.
1:13 of 3rd period - Stopped by Antti Niemi with a rebound.
1:15 of 3rd period - Shot by Jordan Staal.
1:15 of 3rd period - Deflect By Tuomo Ruutu.
1:15 of 3rd period - Shot Misses the Net.
1:57 of 3rd period - Shot by Teemu Selanne.
1:57 of 3rd period - Shot Blocked by Karl Alzner.
2:54 of 3rd period - Jason Demers is hit by Mike Richards and loses puck.
3:15 of 3rd period - Shot by Marian Hossa.
3:15 of 3rd period - Shot Misses the Net.
3:39 of 3rd period - Shot by Tuomo Ruutu.
3:39 of 3rd period - Deflect By Chris Stewart.
3:39 of 3rd period - Stopped by Antti Niemi with a rebound.
3:56 of 3rd period - Icing by Trevor Daley.
3:57 of 3rd period - Justin Abdelkader wins face-off versus Jordan Staal in Sabres zone.
4:02 of 3rd period - Shot by Kevin Klein.
4:02 of 3rd period - Stopped by Semyon Varlamov without a rebound.
4:03 of 3rd period - Olli Jokinen wins face-off versus David Legwand in Sabres zone.
4:15 of 3rd period - Shot by Teemu Selanne.
4:15 of 3rd period - Stopped by Semyon Varlamov without a rebound.
4:16 of 3rd period - Ryan Carter wins face-off versus Justin Abdelkader in Sabres zone.
4:57 of 3rd period - Off-side.
4:58 of 3rd period - David Legwand wins face-off versus Daniel Briere in neutral zone.
5:15 of 3rd period - Shot by David Legwand.
5:15 of 3rd period - Shot Misses the Net.
5:19 of 3rd period - Shot by Steve Downie.
5:19 of 3rd period - Shot Hit the Post.
5:23 of 3rd period - Shot by Troy Brouwer.
5:23 of 3rd period - Stopped by Antti Niemi without a rebound.
5:24 of 3rd period - Olli Jokinen wins face-off versus Jordan Staal in Avalanche zone.
5:45 of 3rd period - Tuomo Ruutu is hit by T.J. Oshie and loses puck.
6:04 of 3rd period - Shot by Chris Stewart.
6:04 of 3rd period - Shot Misses the Net.
6:08 of 3rd period - Shot by Chris Stewart.
6:08 of 3rd period - Shot Misses the Net.
6:34 of 3rd period - Shot by Steve Downie.
6:34 of 3rd period - Stopped by Antti Niemi with a rebound.
6:36 of 3rd period - Shot by Karl Alzner.
6:36 of 3rd period - Goal by Karl Alzner - Avalanche : 3 - Sabres : 3.
6:37 of 3rd period - Daniel Briere wins face-off versus Mike Richards in neutral zone.
7:08 of 3rd period - Shot by Mike Knuble.
7:08 of 3rd period - Stopped by Semyon Varlamov with a rebound.
7:10 of 3rd period - Shot by Paul Mara.
7:10 of 3rd period - Goal by Paul Mara - Avalanche : 4 - Sabres : 3.
7:11 of 3rd period - Johan Franzen wins face-off versus David Legwand in neutral zone.
7:26 of 3rd period - Shot by Milan Hejduk.
7:26 of 3rd period - Stopped by Semyon Varlamov without a rebound.
7:27 of 3rd period - Jordan Staal wins face-off versus Justin Abdelkader in Sabres zone.
7:27 of 3rd period - Jordan Staal is hit by Justin Abdelkader.
7:53 of 3rd period - Shot by Bryan Bickell.
7:53 of 3rd period - Stopped by Semyon Varlamov without a rebound.
7:54 of 3rd period - Olli Jokinen wins face-off versus David Legwand in Sabres zone.
8:03 of 3rd period - Shot by Vinny Prospal.
8:03 of 3rd period - Stopped by Semyon Varlamov without a rebound.
8:04 of 3rd period - Mike Richards wins face-off versus Olli Jokinen in Sabres zone.
8:23 of 3rd period - Shot by Olli Jokinen.
8:23 of 3rd period - Shot Misses the Net.
8:25 of 3rd period - Shot by Paul Mara.
8:25 of 3rd period - Stopped by Semyon Varlamov without a rebound.
8:26 of 3rd period - David Legwand wins face-off versus Justin Abdelkader in Sabres zone.
8:34 of 3rd period - Minor Penalty to Karl Alzner for Interference.
8:35 of 3rd period - Mike Richards wins face-off versus Olli Jokinen in Sabres zone.
8:58 of 3rd period - Shot by Kevin Shattenkirk.
8:58 of 3rd period - Stopped by Semyon Varlamov without a rebound.
8:59 of 3rd period - Mike Richards wins face-off versus Daniel Briere in Sabres zone.
10:36 of 3rd period - Minor Penalty to Steve Downie for Diving.
10:37 of 3rd period - Daniel Briere wins face-off versus Jordan Staal in Sabres zone.
10:45 of 3rd period - Icing by Jason Demers.
10:46 of 3rd period - Daniel Briere wins face-off versus Mike Richards in Avalanche zone.
10:54 of 3rd period - Icing by Jason Demers.
10:55 of 3rd period - Teemu Selanne wins face-off versus Henrik Zetterberg in Avalanche zone.
10:55 of 3rd period - Teemu Selanne is hit by Marian Hossa.
11:03 of 3rd period - Shot by Daniel Briere.
11:03 of 3rd period - Deflect By Teemu Selanne.
11:03 of 3rd period - Shot Hit the Post.
11:05 of 3rd period - Shot by Jason Demers.
11:05 of 3rd period - Stopped by Semyon Varlamov without a rebound.
11:06 of 3rd period - Mike Richards wins face-off versus Olli Jokinen in Sabres zone.
11:25 of 3rd period - Shot by T.J. Oshie.
11:25 of 3rd period - Shot Misses the Net.
11:27 of 3rd period - Shot by Milan Hejduk.
11:27 of 3rd period - Goal by Milan Hejduk - Avalanche : 5 - Sabres : 3.
11:27 of 3rd period - Martin Biron enters game.
11:28 of 3rd period - David Legwand wins face-off versus Tomas Kopecky in neutral zone.
11:33 of 3rd period - Minor Penalty to Troy Brouwer for Tripping.
11:34 of 3rd period - Daniel Briere wins face-off versus Henrik Zetterberg in Sabres zone.
11:34 of 3rd period - Daniel Briere is hit by Brad Stuart.
11:38 of 3rd period - Shot by Teemu Selanne.
11:38 of 3rd period - Stopped by Martin Biron without a rebound.
11:39 of 3rd period - Olli Jokinen wins face-off versus Henrik Zetterberg in Sabres zone.
11:50 of 3rd period - Shot by Kevin Shattenkirk.
11:50 of 3rd period - Stopped by Martin Biron without a rebound.
11:51 of 3rd period - Mike Richards wins face-off versus Daniel Briere in Sabres zone.
12:34 of 3rd period - Shot by Milan Hejduk.
12:34 of 3rd period - Shot Blocked by Luke Schenn.
12:36 of 3rd period - Shot by Kevin Klein.
12:36 of 3rd period - Stopped by Martin Biron without a rebound.
12:37 of 3rd period - Olli Jokinen wins face-off versus Henrik Zetterberg in Sabres zone.
12:38 of 3rd period - Shot by Michael Del Zotto.
12:38 of 3rd period - Shot Misses the Net.
12:54 of 3rd period - Shot by Kevin Klein.
12:54 of 3rd period - Shot Misses the Net.
12:56 of 3rd period - Shot by Michael Del Zotto.
12:56 of 3rd period - Shot Misses the Net.
12:58 of 3rd period - Shot by Milan Hejduk.
12:58 of 3rd period - Shot Misses the Net.
13:02 of 3rd period - Shot by T.J. Oshie.
13:02 of 3rd period - Shot Misses the Net.
13:04 of 3rd period - Shot by Kevin Klein.
13:04 of 3rd period - Shot Blocked by Mike Richards.
13:29 of 3rd period - Shot by Johan Franzen.
13:29 of 3rd period - Deflect By Daniel Briere.
13:29 of 3rd period - Goal by Daniel Briere - Avalanche : 6 - Sabres : 3.
13:30 of 3rd period - Daniel Briere wins face-off versus David Legwand in neutral zone.
14:23 of 3rd period - Shot by Justin Abdelkader.
14:23 of 3rd period - Shot Hit the Post.
14:25 of 3rd period - Shot by Kevin Klein.
14:25 of 3rd period - Stopped by Martin Biron without a rebound.
14:26 of 3rd period - Ryan Carter wins face-off versus Teemu Selanne in Sabres zone.
14:26 of 3rd period - Ryan Carter is hit by T.J. Oshie.
14:36 of 3rd period - Shot by Eric Fehr.
14:36 of 3rd period - Shot Blocked by Michael Del Zotto.
14:40 of 3rd period - Shot by Eric Fehr.
14:40 of 3rd period - Deflect By Henrik Zetterberg.
14:40 of 3rd period - Shot Misses the Net.
14:56 of 3rd period - Shot by Eric Fehr.
14:56 of 3rd period - Shot Misses the Net.
15:00 of 3rd period - Shot by Henrik Zetterberg.
15:00 of 3rd period - Stopped by Antti Niemi without a rebound.
15:01 of 3rd period - Johan Franzen wins face-off versus Jordan Staal in Avalanche zone.
15:01 of 3rd period - Johan Franzen is hit by Tuomo Ruutu.
15:25 of 3rd period - Shot by Jordan Staal.
15:25 of 3rd period - Shot Misses the Net.
15:27 of 3rd period - Shot by Jordan Staal.
15:27 of 3rd period - Shot Misses the Net.
15:41 of 3rd period - Shot by Chris Stewart.
15:41 of 3rd period - Shot Misses the Net.
15:43 of 3rd period - Shot by Chris Stewart.
15:43 of 3rd period - Stopped by Antti Niemi without a rebound.
15:44 of 3rd period - Mike Richards wins face-off versus Olli Jokinen in Avalanche zone.
15:51 of 3rd period - Shot by Henrik Zetterberg.
15:51 of 3rd period - Stopped by Antti Niemi without a rebound.
15:52 of 3rd period - Olli Jokinen wins face-off versus David Legwand in Avalanche zone.
15:52 of 3rd period - Olli Jokinen is hit by Troy Brouwer.
16:04 of 3rd period - Shot by Troy Brouwer.
16:04 of 3rd period - Shot Blocked by Jason Demers.
16:06 of 3rd period - Shot by Karl Alzner.
16:06 of 3rd period - Stopped by Antti Niemi without a rebound.
16:07 of 3rd period - Mike Richards wins face-off versus Justin Abdelkader in Avalanche zone.
16:08 of 3rd period - Shot by Marian Hossa.
16:08 of 3rd period - Shot Misses the Net.
16:10 of 3rd period - Shot by Henrik Zetterberg.
16:10 of 3rd period - Goal by Henrik Zetterberg - Avalanche : 6 - Sabres : 4.
16:10 of 3rd period - Jhonas Enroth enters game.
16:11 of 3rd period - Ryan Carter wins face-off versus T.J. Oshie in neutral zone.
16:50 of 3rd period - Minor Penalty to Johan Franzen for Tripping.
16:51 of 3rd period - Jordan Staal wins face-off versus Daniel Briere in Avalanche zone.
17:31 of 3rd period - Marian Hossa is hit by Paul Mara and loses puck.
17:39 of 3rd period - Icing by Luke Schenn.
17:40 of 3rd period - Justin Abdelkader wins face-off versus Jordan Staal in Sabres zone.
19:06 of 3rd period - Shot by Olli Jokinen.
19:06 of 3rd period - Stopped by Martin Biron without a rebound.
19:07 of 3rd period - Mike Richards wins face-off versus Daniel Briere in Sabres zone.
19:07 of 3rd period - Mike Richards is hit by Johan Franzen.
19:19 of 3rd period - Shot by Marian Hossa.
19:19 of 3rd period - Stopped by Jhonas Enroth without a rebound.
19:20 of 3rd period - Daniel Briere wins face-off versus Marian Hossa in Avalanche zone.
19:33 of 3rd period - Shot by Mike Richards.
19:33 of 3rd period - Stopped by Jhonas Enroth without a rebound.
19:34 of 3rd period - Tuomo Ruutu wins face-off versus Daniel Briere in Avalanche zone.
19:46 of 3rd period - Icing by Milan Hejduk.
19:47 of 3rd period - Daniel Briere wins face-off versus Mike Richards in Avalanche zone.


Output by the SimonT Hockey Simulator (STHS) for Stephane Roy -- Original Page W3C XHTML 1.0 Valid